 Dungeon Crawl Stone Soup version 0.28-a0-533-g9f97627e2a (webtiles) character file.

Game seed: 13011735634773683644

100 Conn the Firebug (level 4, 0/27 HPs)
             Began as an Octopode Fire Elementalist on Sept 25, 2021.
             Succumbed to a kobold's poison
             ... on level 3 of the Dungeon.
             The game lasted 00:03:23 (2316 turns).

Conn the Firebug (Octopode Fire Elementalist)       Turns: 2316, Time: 00:03:23

Health: 0/27       AC:  1    Str:  7    XL:     4   Next: 73%
Magic:  6/7        EV: 13    Int: 18    God:
Gold:   88         SH:  0    Dex: 12    Spells: 7/8 levels left

rFire   . . .      SeeInvis +   n - +2 dagger (protect)
rCold   . . .      Faith    .   (no shield)
rNeg    . . .      Spirit   .   (helmet restricted)
rPois   .          Reflect  .   l - amulet of magic regeneration
rElec   .          Harm     .   g - ring of see invisible
rCorr   .          Rampage  .   (no ring)
Will    .....                   (no ring)
Stlth   +++.......              (no ring)
HPRegen 0.09/turn               (no ring)
MPRegen 0.35/turn               (no ring)
                                (no ring)
                                (no ring)

@: brilliant, lethally poisoned (0 -> -2), attractive
A: almost no armour, amphibious, 8 rings, camouflage 1, gelatinous body 1,
(nimble swimmer 1), tentacles
a: no special abilities


You were on level 3 of the Dungeon.
You visited 1 branch of the dungeon, and saw 3 of its levels.

You collected 88 gold pieces.

Inventory:

Hand Weapons
 b - a +0 dagger
 m - a +0 rapier
 n - a +2 dagger of protection (weapon)
Jewellery
 g - a ring of see invisible (left tentacle)
 l - an amulet of magic regeneration (around mantle)
Scrolls
 c - a scroll of enchant armour {unknown}
 d - a scroll of summoning {unknown}
 f - 2 scrolls of identify {unknown}
 h - a scroll of blinking {unknown}
 i - a scroll of enchant weapon {unknown}
 k - a scroll of torment {unknown}
 o - a scroll of holy word {unknown}
Potions
 a - a potion of attraction
 j - a potion of berserk rage {unknown}


   Skills:
 + Level 0.2 Fighting
 + Level 0.7 Short Blades
 + Level 2.4 Dodging
 + Level 3.6 Stealth
 + Level 2.5 Spellcasting
 + Level 1.6 Conjurations
 + Level 3.9 Fire Magic


You had 7 spell levels left.
You knew the following spells:

 Your Spells              Type           Power      Damage    Failure   Level
a - Foxfire               Conj/Fire      72%        2x1d7     5%          1

Your spell library contained the following spells:

 Spells                   Type           Power      Damage    Failure   Level
 Scorch                   Fire           48%        2d7       4%          2
 Conjure Flame            Conj/Fire      18%        6-21      16%         3
 Inner Flame              Hex/Fire       14%        N/A       22%         3
 Flame Wave               Conj/Fire      18%        3d5       47%         4


Dungeon Overview and Level Annotations

Branches:
Dungeon (3/15)

Altars:


Innate Abilities, Weirdness & Mutations

You cannot wear most types of armour.
You are amphibious.
You can wear up to eight rings at the same time.
Your skin changes colour to match your surroundings (Stealth+).
Your rubbery body absorbs attacks. (AC +1, EV +1)
((You are camouflaged near water. (Stealth+)))
You have tentacles for arms and can constrict up to eight enemies at once.


Message History

The kobold throws a poisoned dart.
The poisoned dart misses you.
The kobold throws a poisoned dart.
The poisoned dart barely misses you.
The kobold throws a poisoned dart.
The poisoned dart hits you!
You are lethally poisoned!
Casting: Foxfire (safe; 5% risk of failure)
Confirm with . or Enter, or press ? or * to list all spells.
You conjure some foxfire!
* * * LOW HITPOINT WARNING * * *
You feel very sick.
Unknown command.
Casting: Foxfire (safe; 5% risk of failure)
Confirm with . or Enter, or press ? or * to list all spells.
You conjure some foxfire!
* * * LOW HITPOINT WARNING * * *
You feel sick.
The foxfire hits the kobold.
You kill the kobold!
Unknown command.
Your foxfire dissipates!
* * * LOW HITPOINT WARNING * * *
You feel sick.
The foxfire hits the giant cockroach but does no damage.
The foxfire hits the giant cockroach.
The giant cockroach is almost dead.
Casting: Foxfire (safe; 5% risk of failure)
Confirm with . or Enter, or press ? or * to list all spells.
You conjure some foxfire!
* * * LOW HITPOINT WARNING * * *
You feel sick.
Unknown command.
Your foxfire dissipates!
* * * LOW HITPOINT WARNING * * *
You feel sick.
The foxfire hits the giant cockroach.
You kill the giant cockroach!
It was a potion of attraction.
You feel attractive to monsters.
* * * LOW HITPOINT WARNING * * *
You feel sick.
It was a potion of brilliance.
You feel clever all of a sudden.
You die...

##....†............
#.....†...........
#....†...........
#................
#........#####.#.
#........#####.#
#..............# #
#.....<..#####.##.#
#........#
#@.#.###.
#........#
#........ ........#
#....#... #########
#.#...... #.#..#...
#.##..... ........#
#.... #######)#
.... #.. ...


There were no monsters in sight!

Vanquished Creatures
  3 adders
  A white imp (D:3)
  2 worms (D:2)
  A dart slug (D:1)
  5 ball pythons
  3 bats
  4 endoplasms
  10 giant cockroaches
  4 goblins
  2 hobgoblins (D:1)
  3 jackals (D:3)
  6 kobolds
  2 quokkas
  6 frilled lizards
  6 rats
58 creatures vanquished.

Vanquished Creatures (others)
  122 foxfires
122 creatures vanquished.

Grand Total: 180 creatures vanquished

Notes
Turn   | Place    | Note
-------+----------+-------------------------------------------
     0 | D:1      | Conn the Octopode Fire Elementalist began the quest for the
                  | Orb.
     0 | D:1      | Reached XP level 1. HP: 11/11 MP: 3/3
   217 | D:1      | Reached XP level 2. HP: 17/17 MP: 1/5
   787 | D:1      | Reached XP level 3. HP: 21/21 MP: 6/6
  1611 | D:2      | Reached XP level 4. HP: 27/27 MP: 5/7
  1642 | D:2      | Found a faded altar of an unknown god.
  2315 | D:3      | HP: 1/27 [poisoned by a kobold]
  2316 | D:3      | Succumbed to a kobold's poison

Illustrated notes

Levels and vault maps discovered:
D:1:      dpeg_arrival_houses_and_road, layout_basic, minmay_misc_feat_encased
D:2:      layout_basic, hellmonk_ecumenical_altar_lost_god,
          kennysheep_generic_room_7
D:3:      minmay_chambers_of_threes, layout_rooms, lightli_temple_of_fire

Skill      XL: |  1  2  3 |
---------------+----------+-----
Stealth        | 3 |  3.6
Fighting       | |  0.2
Short Blades   | |  0.7
Dodging        | |  2.4
Spellcasting   | |  2.5
Conjurations   | |  1.6
Fire Magic     | |  3.9

Action                   |  1- 3 |  4- 6 || total
-------------------------+-------+-------++-------
Melee: Unarmed           |     7 |       ||     7
       Constrict         |    10 |     3 ||    13
       Dagger            |    24 |     5 ||    29
       Tentacles         |     3 |     1 ||     4
       Rapier            |       |     4 ||     4
 Cast: Foxfire           |    39 |    30 ||    69
  Use: Potion            |       |     2 ||     2
 Stab: Sleeping          |     6 |     1 ||     7
Armor: Skin              |     2 |       ||     2
Dodge: Dodged            |    30 |     6 ||    36

Table legend: (Time is in decaauts)
 A = Elapsed time spent in this place.
 B = Non-inter-level travel time spent in this place.
 C = Inter-level travel time spent in this place.
 D = Time resting spent in this place.
 E = Time spent auto-exploring this place.
 F = Levels seen in this place.
 G = Mean time per level.
                   A        B        C        D        E       F      G
               +--------+--------+--------+--------+--------+-----+--------+
         Total |   2314 |   2283 |     31 |      0 |   1837 |   3 |  771.3 |
       Dungeon |   2314 |   2283 |     31 |      0 |   1837 |   3 |  771.3 |
               +--------+--------+--------+--------+--------+-----+--------+

Top non-repeatable levels by time:
     D:1: 1148 daAuts
     D:2: 934 daAuts
     D:3: 231 daAuts
